Map: 2000 Atmospheres LE

Players

Zest - Winner!

  • Race: Protoss Protoss

Cyan

  • Race: Protoss Protoss

Event: DreamHack SC2 Masters 2021 Winter

VOD

Have the link to the VOD?

Description

Time

  • Played on: Nov. 10, 2021, 11:22 a.m.
  • Length: 6:47

All games in this series

Show
View Real Time Build Order
Export as new Build Order

Zest Protoss - Winner!

Build Orders: Dark Templar Rush 

Get SALT Encoding   

  12  0:00  Probe  
  13  0:12  Probe  
  14  0:17  Pylon  
  14  0:24  Probe (Chrono Boost)  
  15  0:36  Gateway, Probe (Chrono Boost)  
  16  0:44  Probe (Chrono Boost)  
  16  0:46  Assimilator  
  17  0:51  Probe  
  18  1:03  Probe (Chrono Boost)  
  19  1:04  Assimilator  
  19  1:08  Gateway  
  19  1:12  Probe (Chrono Boost)  
  19  1:17  Probe (Chrono Boost)  
  20  1:23  Cybernetics Core  
  21  1:29  Probe  
  22  1:34  Pylon  
  22  1:41  Probe  
  23  1:53  Probe  
  24  2:00  Stalker, Sentry  
  28  2:01  Warp Gate (Chrono Boost)  
  28  2:08  Pylon  
  28  2:11  Shield Battery  
  28  2:26  Stalker  
  28  2:27  Pylon  
  30  2:31  Stalker  
  32  2:57  Nexus  
  31  3:07  Twilight Council  
  31  3:18  Probe  
  32  3:28  Gateway  
  32  3:43  Dark Shrine  
  32  3:44  Stalker x2  
  36  3:54  Shield Battery  
  36  4:00  Cybernetics Core  
  36  4:19  Stalker x2  
  38  4:34  Pylon  
  38  4:41  Stalker  
  36  4:55  Dark Templar x2  
  42  5:05  Pylon  
  42  5:07  Robotics Facility  
  42  5:09  Pylon  
  40  5:20  Pylon  
  38  5:52  Warp Prism (Chrono Boost)  
  38  6:02  Stalker x3  
Show
View Real Time Build Order
Export as new Build Order

Cyan Protoss 

Build Orders: Blink Stalkers 

Get SALT Encoding   

  12  0:00  Probe  
  13  0:12  Probe  
  14  0:17  Pylon  
  14  0:24  Probe (Chrono Boost)  
  15  0:36  Probe (Chrono Boost)  
  15  0:37  Gateway  
  16  0:44  Probe (Chrono Boost)  
  16  0:46  Assimilator  
  17  0:51  Probe  
  17  0:54  Assimilator  
  18  1:03  Probe (Chrono Boost)  
  19  1:07  Gateway  
  19  1:12  Probe (Chrono Boost)  
  19  1:17  Probe (Chrono Boost)  
  20  1:24  Cybernetics Core  
  21  1:29  Probe  
  22  1:33  Pylon  
  22  1:41  Probe  
  23  1:53  Probe  
  24  1:57  Warp Gate (Chrono Boost)  
  24  2:00  Adept x2  
  28  2:05  Pylon  
  28  2:06  Probe  
  29  2:18  Probe  
  30  2:30  Adept x2  
  33  2:50  Shield Battery  
  33  2:57  Twilight Council  
  33  3:00  Adept x2  
  37  3:15  Pylon  
  37  3:26  Nexus  
  37  3:28  Probe  
  40  3:34  Shield Battery  
  40  3:39  Adept  
  40  3:40  Blink (Chrono Boost)  
  42  3:45  Probe  
  41  3:54  Sentry  
  43  3:57  Probe  
  43  4:01  Pylon  
  42  4:11  Stalker  
  42  4:16  Probe  
  44  4:18  Stalker  
  46  4:29  Probe  
  47  4:31  Gateway  
  47  4:41  Probe  
  47  4:44  Stalker  
  44  4:45  Sentry  
  44  4:50  Probe  
  44  4:51  Shield Battery  
  43  4:56  Probe  
  43  4:58  Probe  
  45  5:08  Stalker, Probe x2  
  45  5:09  Sentry  
  51  5:21  Probe  
  51  5:22  Robotics Facility  
  51  5:23  Probe  
  53  5:38  Stalker x2  
  53  5:44  Stalker  
  53  5:48  Pylon  
  43  6:04  Sentry  
  40  6:09  Sentry  
  29  6:20  Pylon  

Tags
 
Add a new tag
Caveats
  • Supply blocks, unpowered buildings, or Contaminate may cause inaccurate times.
  • Supply counts are checked every 10 seconds.